 Dungeon Crawl Stone Soup version 0.13.0-21-ge43020b (webtiles) character file.

339 HungrySpirit the Chopper (level 5, 0/40 HPs)
             Began as a Demonspawn Gladiator on Oct 26, 2013.
             Killed from afar by MechanicPope's ghost (10 damage)
             ... with a puff of frost
             ... on Level 4 of the Dungeon.
             The game lasted 00:05:44 (3224 turns).

HungrySpirit the Chopper (Demonspawn Gladiator)     Turns: 3224, Time: 00:05:44

HP   0/40        AC  8     Str 17      XL: 5   Next: 47%
MP   4/4         EV  9     Int  9      God:
Gold 141         SH  8     Dex 13      Spells:  0 memorised,  4 levels left

Res.Fire  : . . .   See Invis. : .   a - +0 hand axe {=f}
Res.Cold  : . . .   Warding    : .   n - +0 orc ring mail
Life Prot.: . . .   Conserve   : .   x - +1 buckler
Res.Poison: .       Res.Corr.  : .   c - +0 helmet
Res.Elec. : .       Clarity    : .   (no cloak)
Sust.Abil.: . .     Spirit.Shd : .   (no gloves)
Res.Mut.  : .       Stasis     : .   (no boots)
Res.Rott. : .       Flight     : .   (no amulet)
Saprovore : . . .                    (no ring)
                                     (no ring)

@: drained, slightly resistant to hostile enchantments, extremely unstealthy
A: powered by death 1, AC +2
a: no special abilities


You were on level 4 of the Dungeon.
You were not hungry.

You visited 1 branch of the dungeon, and saw 4 of its levels.

You collected 121 gold pieces.

Inventory:

Hand weapons
 a - a +0,+0 hand axe (weapon) {=f}
Missiles
 d - 2 throwing nets (quivered)
Armour
 c - a +0 helmet (worn)
 n - a +0 orcish ring mail (worn)
 x - a +1 buckler (worn)
Comestibles
 f - a bread ration
 i - 2 apples
 r - a rotting chunk of worm flesh
 t - a meat ration
 u - a beef jerky
 z - a chunk of adder flesh
Scrolls
 b - 2 scrolls of enchant weapon I {unknown}
 e - a scroll of fog {unknown}
 j - a scroll of magic mapping {unknown}
 k - 5 scrolls of identify {unknown}
 m - a scroll of noise {unknown}
 p - 2 scrolls of blinking {unknown}
 q - a scroll of random uselessness {unknown}
 s - a scroll of remove curse {unknown}
 w - 2 scrolls of fear {unknown}
Jewellery
 v - an uncursed ring of sustain abilities {unknown}
Potions
 g - a potion of agility {unknown}
 h - a potion of slowing {unknown}
 l - 2 potions of mutation {unknown}
 o - 2 potions of curing
 A - a potion of resistance {unknown}


   Skills:
 - Level 2.0(1.3) Fighting
 * Level 5.5(4.7) Axes
 - Level 1.7(1.0) Throwing
 - Level 2.6(1.9) Dodging
 + Level 0.8(0.1) Shields


You had 4 spell levels left.
You didn't know any spells.

Dungeon Overview and Level Annotations

Branches:
Dungeon (4/27)
 Temple: D:4-7

Altars:
Kikubaaqudgha

Shops:
D:4 }

Annotations:
D:4 MechanicPope's ghost, average DEIE


Innate Abilities, Weirdness & Mutations

You are partially covered in slimy green scales (AC +2).
You can steal the life force of nearby defeated enemies.


Message History

You feel drained.
Unknown command.
You closely miss the orc.
The orc is moderately wounded.
The orc hits you.
* * * LOW HITPOINT WARNING * * *
MechanicPope's ghost gestures at you while chanting.
The puff of frost hits you!
* * * LOW HITPOINT WARNING * * *
Drink which item? (? for menu, Esc to quit)
You feel better.
It was a potion of curing.
The orc hits you.
* * * LOW HITPOINT WARNING * * *
MechanicPope's ghost hits you but does no damage.
You feel drained.
You closely miss the orc.
The orc is moderately wounded.
The orc closely misses you.
MechanicPope's ghost casts a spell at you.
The puff of frost hits you!
You die...

#. #. #. #.## ..#
# #.#
#.##.##p#########
.........@o......#
#.##.##.#######.#
#.# #.# #.# ##.###
#.# ### #....# #.#
#.. ##.#.# #.# #.#
###.# #.# #.#


You could see MechanicPope's ghost and an orc.

Vanquished Creatures
  A worker ant (D:4)
  An ogre skeleton (D:4)
  3 gnolls (D:3)
  4 adders
  2 worms
  3 giant geckos
  An orc (D:3)
  2 ball pythons
  13 bats
  3 giant cockroaches
  5 goblins
  11 hobgoblins
  3 jackals (D:3)
  7 kobolds
  2 quokkas (D:3)
  4 giant newts
  A jackal skeleton (D:4)
  10 rats
76 creatures vanquished.

Vanquished Creatures (others)
  A human (D:3)
1 creature vanquished.

Grand Total: 77 creatures vanquished

Notes
Turn   | Place    | Note
--------------------------------------------------------------
     0 | D:1      | HungrySpirit, the Demonspawn Gladiator, began the quest for the Orb.
     0 | D:1      | Reached XP level 1. HP: 17/17 MP: 0/0
   109 | D:1      | Reached skill level 3 in Axes
   139 | D:1      | Gained mutation: You are partially covered in slimy green scales (AC +2). [demonic ancestry]
   139 | D:1      | Reached XP level 2. HP: 18/23 MP: 1/1
   956 | D:2      | Reached XP level 3. HP: 28/28 MP: 2/2
  1250 | D:2      | Reached skill level 4 in Axes
  1835 | D:3      | Reached XP level 4. HP: 27/35 MP: 3/3
  2101 | D:3      | Reached skill level 5 in Axes
  2345 | D:3      | Found an ancient bone altar of Kikubaaqudgha.
  2348 | D:3      | Noticed a human
  2349 | D:3      | Killed a human
  2349 | D:3      | Noticed a human zombie
  2651 | D:4      | Found Uhutoin's Gadget Shop.
  2867 | D:4      | Gained mutation: You can steal the life force of nearby defeated enemies. [demonic ancestry]
  2867 | D:4      | Reached XP level 5. HP: 13/40 MP: 4/4
  3213 | D:4      | Noticed MechanicPope's ghost (average DEIE)
  3224 | D:4      | Killed from afar by MechanicPope's ghost

Action                   |  1- 3 |  4- 6 || total
-------------------------+-------+-------++-------
Melee: Hand axe          |   195 |   164 ||   359
Throw: Throwing net      |       |     1 ||     1
  Use: Potion            |       |     1 ||     1
 Stab: Held in net/web   |       |     3 ||     3
